 Dungeon Crawl Stone Soup version 0.30-a0-578-gdee14c521f (console) character file.

Game seed: 15562323493685197796

655 jejorda2 the Slasher (level 7, -1/56 HPs)
             Began as a Merfolk Berserker on Dec 31, 2022.
             Was a Priest of Trog.
             Slain by an orc
             ... wielding a +0 hand axe
              (3 damage)
             ... on level 5 of the Dungeon.
             The game lasted 00:09:09 (3158 turns).

jejorda2 the Slasher (Merfolk Berserker)            Turns: 3158, Time: 00:09:10

Health: -1/56      AC: 12    Str: 17    XL:     7   Next: 54%
Magic:  7/7        EV:  2    Int:  6    God:    Trog [***...]
Gold:   160        SH: 12    Dex: 16    Spells: 6/6 levels left

rFire   . . .      SeeInvis .    a - +6 dagger
rCold   . . .      Faith    .    y - +0 tower shield
rNeg    . . .      Spirit   .    C - +0 plate armour
rPois   .          Reflect  .    (no helmet)
rElec   .          Harm     .    (no cloak)
rCorr   .          Rampage  .    (no gloves)
Will    .....                    t - +1 pair of boots Stlth
                                 h - amulet of the acrobat
HPRegen 0.29/turn                (no ring)
MPRegen 0.10/turn                (no ring)

@: on berserk cooldown, slowed, very slow
A: (nimble swimmer 2), mertail
a: Renounce Religion, Berserk, Trog's Hand


You were on level 5 of the Dungeon.
You worshipped Trog.
Trog was most pleased with you.
You visited 1 branch of the dungeon, and saw 5 of its levels.

You collected 160 gold pieces.

Inventory:

Hand Weapons
 a - a +6 dagger (weapon)
 c - a +0 dagger
 k - a +0 falchion
Missiles
 d - 33 stones (quivered)
 j - 2 boomerangs
Armour
 p - a +0 ring mail
 r - a +0 chain mail
 t - a +1 pair of boots (worn)
 y - a +0 tower shield (worn)
 C - a +0 plate armour (worn)
Jewellery
 h - an amulet of the acrobat (around neck)
Wands
 b - a wand of polymorph (8)
 u - a wand of flame (17)
 D - a wand of paralysis (9)
Scrolls
 f - 4 scrolls of identify
 n - a scroll of poison
Potions
 e - a potion of attraction {unknown}
 g - a potion of brilliance {unknown}
 i - 3 potions of curing
 l - a potion of ambrosia {unknown}
 m - a potion of mutation {unknown}
 o - a potion of cancellation {unknown}
 q - a potion of haste
 w - a potion of heal wounds {unknown}
 z - a potion of lignification {unknown}
 A - 2 potions of berserk rage {unknown}
 B - a potion of experience {unknown}


   Skills:
 + Level 5.1 Fighting
 * Level 4.3(6.0) Short Blades
 - Level 6.3(7.0) Long Blades
 - Level 1.3 Armour
 + Level 5.3 Dodging
 + Level 1.5 Shields


You had 6 spell levels left.
You didn't know any spells.
Your spell library was empty.

Dungeon Overview and Level Annotations

Branches:
Dungeon (5/15)
 Temple: D:4-7

Altars:
Kikubaaqudgha
Ru
Xom
Yredelemnul

Shops:
D:1 [


Innate Abilities, Weirdness & Mutations

((You are very nimble when in or above water. (Stealth+, EV+, Speed+++)))
Your lower body shifts to a powerful aquatic tail in water.


Message History

The phantom hits you but does no damage.
The orc hits you but does no damage.
You puncture the orc!
You kill the orc!
Trog accepts your kill.
You feel sick. You block the orc's attack. The phantom hits you.
* * * LOW HITPOINT WARNING * * *
The phantom blinks!
You blink.
You puncture the phantom!
The phantom is almost destroyed.
You feel sick.
You closely miss the phantom.
The phantom is almost destroyed.
You feel sick. You block the phantom's attack.
You hit the phantom.
You destroy the phantom!
Trog accepts your kill.
You feel sick.
You feel sick.
You feel a strong urge to attack something.
You barely miss the orc priest.
You feel sick.
The orc priest hits you but does no damage.
The orc hits you but does no damage.
You closely miss the orc priest.
You feel sick. The orc hits you but does no damage.
You block the orc priest's attack.
You closely miss the orc priest.
You are no longer berserk.
You are exhausted.
You feel yourself slow down.
You feel sick.
You are no longer poisoned.
You barely miss the orc priest. You block the orc's attack.
The orc priest hits you but does no damage. x2
The orc hits you but does no damage.
You hit the orc priest.
The orc priest is moderately wounded.
You block the orc's attack. The orc priest hits you with a +0 whip.
* * * LOW HITPOINT WARNING * * *
The orc priest hits you but does no damage.
The orc hits you with a +0 hand axe.
You die...

#..........######
#..........#
#>.........#
#..........#
#.)........#
##.)......##
##..........
#..o.......#
#.o@.......
#..........
#..........
#..........
##.^......#
##......##
######.# .# #


You could see an orc priest and an orc.

Vanquished Creatures
  A black bear (D:4)
  2 phantoms (D:5)
  A bullfrog (D:4)
  2 scorpions (D:5)
  Terence (D:2)
  An iguana (D:3)
  2 orc wizards (D:4)
  5 adders
  2 dart slugs
  2 worms (D:2)
  3 orcs
  4 ball pythons
  10 endoplasms
  5 giant cockroaches
  5 goblins
  12 hobgoblins
  8 jackals
  7 quokkas
  3 bats
  3 frilled lizards
  10 kobolds
  4 rats
  A spectral orc (D:4)
94 creatures vanquished.

Vanquished Creatures (others)
  7 plants (D:4)
7 creatures vanquished.

Grand Total: 101 creatures vanquished

Notes
Turn   | Place    | Note
-------+----------+-------------------------------------------
     0 | D:1      | jejorda2 the Merfolk Berserker began the quest for the Orb.
     0 | D:1      | Reached XP level 1. HP: 18/18 MP: 1/1
   139 | D:1      | Reached XP level 2. HP: 19/24 MP: 2/2
   140 | D:1      | Reached skill level 4 in Long Blades
   200 | D:1      | Found Foefyran's Armour Boutique.
   472 | D:1      | You fall into a shaft and drop 1 floor!
   716 | D:2      | Reached XP level 3. HP: 29/29 MP: 3/3
   917 | D:2      | Reached skill level 1 in Short Blades
  1042 | D:2      | Reached ** piety under Trog
  1062 | D:2      | Found an ancient bone altar of Kikubaaqudgha.
  1234 | D:2      | Noticed Terence
  1240 | D:2      | Killed Terence
  1241 | D:2      | Reached XP level 4. HP: 37/37 MP: 4/4
  1318 | D:2      | Reached skill level 5 in Long Blades
  2067 | D:3      | Reached XP level 5. HP: 42/42 MP: 5/5
  2265 | D:4      | Noticed a black bear
  2274 | D:4      | Killed a black bear
  2275 | D:4      | Reached XP level 6. HP: 49/49 MP: 6/6
  2513 | D:4      | Reached skill level 6 in Long Blades
  2684 | D:4      | Found a basalt altar of Yredelemnul.
  3034 | D:5      | Entered Level 5 of the Dungeon
  3050 | D:5      | Reached XP level 7. HP: 55/55 MP: 7/7
  3083 | D:5      | Found a shimmering altar of Xom.
  3083 | D:5      | Found a sacrificial altar of Ru.
  3119 | D:5      | Reached skill level 5 in Dodging
  3119 | D:5      | Reached skill level 1 in Shields
  3147 | D:5      | Reached skill level 5 in Fighting
  3148 | D:5      | Reached *** piety under Trog
  3158 | D:5      | HP: 2/56 [orc priest/+0 whip (6)]
  3158 | D:5      | Slain by an orc

Illustrated notes

Levels and vault maps discovered:
D:1:      dpeg_arrival_fog, layout_rooms, serial_shops, nicolae_shop_crystal,
          hex_medium, minmay_distorted
D:2:      layout_loops_ring, basic_altar, uniq_terence
D:3:      layout_basic, kennysheep_nondescript
D:4:      layout_basic, yredelemnul_forgotten_temple_becter, serial_forest,
          infiniplex_forest_clump_diagonal, infiniplex_forest_lined_3_way,
          infiniplex_forest_end_3, infiniplex_forest_clump_diagonal,
          infiniplex_forest_clump_tiny, infiniplex_forest_clump_double,
          infiniplex_forest_lined_2, nicolae_titane
D:5:      layout_rooms, mainiacjoe_overflow_chevrons,
          mainiacjoe_overflow_divided_tiny, minmay_temple_entry_large_hall,
          nicolae_ossuary_entry_catacombs

Skill      XL: |  1  2  3  4  5  6  7 |
---------------+----------------------+-----
Long Blades    | 4 5 6 |  6.3
Dodging        | 3 4 5 |  5.3
Short Blades   | 1 2 3 4 |  4.3
Fighting       | 4 5 |  5.1
Shields        | 1 |  1.5
Armour         | |  1.3

Action                   |  1- 3 |  4- 6 |  7- 9 || total
-------------------------+-------+-------+-------++-------
Melee: Falchion          |    40 |       |       ||    40
       Dagger            |    71 |   169 |    31 ||   271
       Punch             |     2 |       |       ||     2
Throw: Stone             |     4 |       |       ||     4
Invok: Berserk           |     3 |     2 |     1 ||     6
       Trog's Hand       |     1 |     1 |       ||     2
  Use: Scroll            |       |     6 |       ||     6
Armor: Animal skin       |     9 |       |       ||     9
       Chain mail        |       |    79 |       ||    79
       Plate armour      |       |     1 |    21 ||    22
Dodge: Dodged            |    72 |    68 |     7 ||   147
Block: Tower shield      |       |    36 |    21 ||    57

Table legend: (Time is in decaauts)
 A = Elapsed time spent in this place.
 B = Non-inter-level travel time spent in this place.
 C = Inter-level travel time spent in this place.
 D = Time resting spent in this place.
 E = Time spent auto-exploring this place.
 F = Levels seen in this place.
 G = Mean time per level.
                   A        B        C        D        E       F      G
               +--------+--------+--------+--------+--------+-----+--------+
         Total |   3180 |   2998 |    182 |    175 |   2055 |   5 |  636.0 |
       Dungeon |   3180 |   2998 |    182 |    175 |   2055 |   5 |  636.0 |
               +--------+--------+--------+--------+--------+-----+--------+

Top non-repeatable levels by time:
     D:2: 912 daAuts
     D:4: 816 daAuts
     D:3: 672 daAuts
     D:1: 654 daAuts
     D:5: 124 daAuts
